 Dungeon Crawl Stone Soup version 0.31-a0-542-gdc2a67831c (webtiles) character file.

Game seed: 423876565533593631

19 arthad the Shield-Bearer (level 2, -9/29 HPs)
             Began as a Troll Fighter on Aug 14, 2023.
             Mangled by an ogre
             ... wielding a +0 giant spiked club
              (12 damage)
             ... on level 3 of the Dungeon.
             The game lasted 00:01:26 (1361 turns).

arthad the Shield-Bearer (Troll Fighter)            Turns: 1361, Time: 00:01:27

Health: -9/29      AC:  4    Str: 23    XL:     2   Next: 55%
Magic:  1/1        EV:  8    Int:  4    God:
Gold:   135        SH:  7    Dex:  9    Spells: 1/1 levels left

rFire   . .          .
                       - Unarmed
rCold   + . .        b - +0 kite shield
rNeg    . . .        a - +0 robe
rPois   .            (helmet restricted)
rElec   .            (no cloak)
rCorr   .            (gloves unavailable)
SInv    .            (boots unavailable)
Will    .....        (no amulet)
Stlth   +            k - ring of protection from cold
HPRegen 1.04/turn    (no ring)
MPRegen 0.07/turn

%: no passive effects
@: no status effects
A: large, unfitting armour, claws 3, regeneration 1, shaggy fur 1, tough skin 1
a: no special abilities


You were on level 3 of the Dungeon.
You visited 1 branch of the dungeon, and saw 3 of its levels.

You collected 135 gold pieces.

Inventory:

Armour
 a - a +0 robe (worn)
 b - a +0 kite shield (worn)
Jewellery
 k - a ring of protection from cold (left claw)
Scrolls
 d - a scroll of immolation {unknown}
 e - a scroll of fear {unknown}
 f - a scroll of blinking {unknown}
 i - a scroll of enchant weapon {unknown}
 j - a scroll of teleportation {unknown}
Potions
 c - 2 potions of might
 g - a potion of enlightenment {unknown}
 h - a potion of degeneration {unknown}
 l - a potion of heal wounds {unknown}
 m - a potion of magic {unknown}


   Skills:
 * Level 2.7 Fighting
 + Level 2.5 Dodging
 + Level 2.8 Shields
 * Level 2.5 Unarmed Combat


You had one spell level left.
You didn't know any spells.
Your spell library contained the following spells:

 Spells                   Type           Power      Damage    Failure   Level
 Summon Small Mammal      Summ           0%         N/A       78%         1
 Call Canine Familiar     Summ           0%         N/A       98%         3
 Summon Guardian Golem    Hex/Summ       0%         N/A       98%         3


Dungeon Overview and Level Annotations

Branches:
Dungeon (3/15)

Altars:
Dithmenos


Innate Abilities, Weirdness & Mutations

You are too large for most types of armour.
You have claws for hands.
Your natural rate of healing is unusually fast.
You are covered in fur. (AC +1)
You have tough skin. (AC +1)


Message History

No target in view!
No target in view!
No target in view!
A ball python comes into view.
A ball python is nearby!
An endoplasm comes into view.
The endoplasm quivers.
You closely miss the ball python.
The ball python bites you but does no damage.
You closely miss the ball python. The ball python bites you.
The endoplasm freezes you.
You are frozen.
You resist.
You claw the ball python!
You kill the ball python!
The endoplasm freezes you.
You are frozen.
You resist.
You completely miss the endoplasm. The endoplasm hits you.
You claw the endoplasm!
You kill the endoplasm!
No target in view!
No target in view!
HP restored.
Found a stone staircase leading down.
An ogre comes into view. It is wielding a +0 giant spiked club.
Found a stone staircase leading up.
An ogre is nearby!
Found a book of Necromancy.
Sorry, you're not good enough to have a special ability.
You have nothing you can fire or use right now.
You scratch the ogre.
The ogre is lightly wounded.
The ogre hits you with a +0 giant spiked club!!
Ouch! That really hurt!
* * * LOW HITPOINT WARNING * * *
You scratch the ogre.
The ogre is lightly wounded.
You barely miss the ogre.
The ogre is lightly wounded.
The ogre hits you with a +0 giant spiked club!
You die...

..### #....
#../# . #...#
..######...#####
:...............
................
#.<...O@........
..######...####
#...# #...#
#...# #...##
#...># ##...#
#...#


You could see an ogre.

Vanquished Creatures
  2 bats
  An endoplasm (D:3)
  A giant cockroach (D:1)
  4 goblins (D:1)
  2 hobgoblins
  A quokka (D:1)
  A ball python (D:3)
  2 frilled lizards
  2 kobolds (D:1)
  3 rats
19 creatures vanquished.

Notes
Turn   | Place    | Note
-------+----------+-------------------------------------------
     0 | D:1      | arthad the Troll Fighter began the quest for the Orb.
     0 | D:1      | Reached XP level 1. HP: 22/22 MP: 0/0
   356 | D:1      | Reached XP level 2. HP: 29/29 MP: 1/1
  1114 | D:2      | Found a shadowy altar of Dithmenos.
  1354 | D:3      | Noticed an ogre
  1359 | D:3      | HP: 1/29 [ogre/+0 giant spiked club (28)]
  1361 | D:3      | Mangled by an ogre

Illustrated notes

Levels and vault maps discovered:
D:1:      evilmike_arrival_rings, layout_basic, serial_aquarium,
          aquarium_bridge_square [aquarium_subvault_wall,
          aquarium_subvault_wall, aquarium_subvault_balcony,
          aquarium_subvault_bridge], aquarium_window_fake, aquarium_window_fake,
          aquarium_view_2b, aquarium_view_2d, aquarium_balcony_1a,
          aquarium_pool_2, nicolae_titane
D:2:      layout_basic, basic_altar
D:3:      layout_loops_cross, vehumet_altar_wand_db, general_overflow_altar,
          hellmonk_ecumenical_altar_leap_of_faith, minmay_pentangle, uniq_robin,
          uniq_ijyb, uniq_grinder

Action                     || total
---------------------------++-------
  Melee: Unarmed           ||    60
   Stab: Sleeping          ||     1
 Armour: Robe              ||    13
  Dodge: Dodged            ||    15
  Block: Kite shield       ||    17

Table legend: (Time is in decaauts)
 A = Elapsed time spent in this place.
 B = Non-inter-level travel time spent in this place.
 C = Inter-level travel time spent in this place.
 D = Time resting spent in this place.
 E = Time spent auto-exploring this place.
 F = Levels seen in this place.
 G = Mean time per level.
                   A        B        C        D        E       F      G
               +--------+--------+--------+--------+--------+-----+--------+
         Total |   1364 |   1319 |     45 |      0 |   1164 |   3 |  454.7 |
       Dungeon |   1364 |   1319 |     45 |      0 |   1164 |   3 |  454.7 |
               +--------+--------+--------+--------+--------+-----+--------+

Top non-repeatable levels by time:
     D:1: 878 daAuts
     D:2: 436 daAuts
     D:3: 49 daAuts
